 Dungeon Crawl Stone Soup version 0.30-b1-2-g02819fbbbe (webtiles) character file.

Game seed: 17709368022717317410

25482 Dirian the Severer (level 12, -4/106 HPs)
             Began as a Minotaur Berserker on May 18, 2023.
             Was a High Priest of Trog.
             Killed from afar by an ice statue (18 damage)
             ... with a bolt of cold
             ... in an ice cave.
             The game lasted 00:20:20 (12662 turns).

Dirian the Severer (Minotaur Berserker)            Turns: 12662, Time: 00:20:20

Health: -4/106     AC: 25    Str: 32    XL:     12   Next: 89%
Magic:  11/11      EV:  9    Int:  4    God:    Trog [*****.]
Gold:   514        SH:  5    Dex: 11    Spells: 11/11 levels left

rFire   x . .        x - +0 battleaxe
rCold   + . .        (shield currently unavailable)
rNeg    . . .        A - +3 plate armour
rPois   .            (helmet restricted)
rElec   .            E - +0 cloak
rCorr   .            G - +0 pair of gloves
SInv    .            a - +2 pair of boots {Fly}
Will    .....        k - amulet of reflection Stlth
                     H - ring of ice
HPRegen 0.37/turn    e - +6 ring of strength
MPRegen 0.12/turn

%: reflection
@: flying
A: horns 2, retaliatory headbutt
a: Renounce Religion, Berserk, Trog's Hand, Brothers in Arms


You were in an ice cave.
You worshipped Trog.
Trog was extremely pleased with you.
You visited 2 branches of the dungeon, and saw 13 of its levels.
You also visited: Bailey and Ice Cave.

You collected 910 gold pieces.
You spent 396 gold pieces at shops.

Inventory:

Hand Weapons
 n - a +0 flail
 u - a +0 war axe
 x - a +0 battleaxe (weapon)
Missiles
 D - 5 throwing nets (quivered)
Armour
 a - a +2 pair of boots of flying (worn)
 A - a +3 plate armour (worn)
 E - a +0 cloak (worn)
 G - a +0 pair of gloves (worn)
Jewellery
 c - a ring of resist corrosion
 e - a +6 ring of strength (right hand)
 k - an amulet of reflection (around neck)
 F - a ring of positive energy
 H - a ring of ice (left hand)
Wands
 g - a wand of flame (35)
 v - a wand of digging (6)
 y - a wand of acid (19)
 C - a wand of paralysis (9)
 J - a wand of iceblast (10)
 L - a wand of mindburst (15)
Scrolls
 b - 2 scrolls of magic mapping
 f - 6 scrolls of enchant armour
 i - 4 scrolls of poison
 l - 4 scrolls of fog
 o - 5 scrolls of summoning
 t - 11 scrolls of teleportation
 z - 2 scrolls of blinking
 K - 7 scrolls of enchant weapon
Potions
 d - 3 potions of might
 h - 3 potions of haste
 j - 2 potions of attraction
 m - 2 potions of mutation
 p - a potion of cancellation
 q - 2 potions of curing
 s - 2 potions of magic
 w - 4 potions of heal wounds
 B - a potion of invisibility


   Skills:
 + Level 9.8 Fighting
 + Level 15.6 Axes
 + Level 12.9 Armour
 - Level 2.1 Dodging
 + Level 5.9 Shields
 * Level 8.5 Evocations


You had 11 spell levels left.
You didn't know any spells.
Your spell library was empty.

Dungeon Overview and Level Annotations

Branches:
Dungeon (12/15) Zot: 26150  Temple (0/1) D:7            Lair (1/5) D:9 Zot: 5901
    Orc (0/2) D:12         Bailey (visited)           IceCv (1/1) Zot: 5471

Altars:
Ashenzari
Cheibriados
Elyvilon
Gozag
Okawaru
Ru
Sif Muna
Trog
Vehumet
Wu Jian
Yredelemnul

Shops:
D:4 [   D:5 :![   D:8 *:

Annotations:
IceCv exclusion: ice statue


Innate Abilities, Weirdness & Mutations

You have a pair of horns on your head.
You reflexively headbutt those who attack you in melee.


Message History

The ice beast disappears in a puff of smoke!
You are engulfed in freezing vapours.
You resist. The ice statue gestures at you. The freezing blast engulfs you.
You resist. The ice statue gestures at you. The bolt of cold hits you!!
You resist.
You hear a horrible gurgling sound!
You hit the ice statue.
The ice statue is moderately damaged.
The ice statue gestures at you.
The freezing blast engulfs you but does no damage.
You resist.
The ice statue gestures.
You slash the ice statue!
The ice statue is heavily damaged.
You are engulfed in freezing vapours.
You resist. The ice statue gestures at you. The freezing blast engulfs you.
You resist.
You slice the ice statue!! You headbutt the ice statue.
The ice statue is severely damaged.
You are engulfed in freezing vapours.
You resist.
You hit the ice statue.
The ice statue is almost destroyed.
You are engulfed in freezing vapours.
You resist.
* * * LOW HITPOINT WARNING * * *
The white ugly thing gurgles horribly!
You slash the ice statue!
The ice statue is almost destroyed.
You hit the ice beast.
You are engulfed in freezing vapours.
You resist.
* * * LOW HITPOINT WARNING * * *
The ice beast closely misses you.
You slash the ice statue!
You destroy the ice statue!
Trog accepts your kill.
You hit the ice beast.
You are engulfed in freezing vapours.
You resist.
* * * LOW HITPOINT WARNING * * *
The ice beast hits you but does no damage.
The ice statue gestures at you. The bolt of cold hits you!! You resist.
You die...

... ...
ZY ##8##
##..○##
##....°##
#......○#
#....○Y@#
#...°°°°#
#.......#
#.......#
####.####
#()..![)#
#.......#
#(......#
#.......#


You could see an ice statue, 2 ice beasts and a dire elephant simulacrum.

Vanquished Creatures
  A boulder beetle (D:11)
  2 two-headed ogres
  The ghost of Notanamesir the Scribe, a novice DsAr of Sif Muna (D:8)
  An orc knight (Bailey)
  An ugly thing (IceCv)
  A manticore (D:11)
  A moth of wrath (D:8)
  2 ice statues (IceCv)
  2 gargoyles (D:12)
  3 unseen horrors
  2 komodo dragons (D:9)
  3 trolls
  A hornet (D:10)
  A wraith (D:11)
  11 yaks
  2 death yak simulacra (IceCv)
  3 wargs (D:12)
  4 vampire mosquitoes
  3 acid dragons
  5 water moccasins
  A sky beast (D:7)
  14 orc warriors
  5 black bears
  4 centaurs (D:11)
  A phantom (D:7)
  6 kobold brigands
  6 bullfrogs
  3 gnoll sergeants
  2 scorpions
  8 killer bees
  3 elephant simulacra (IceCv)
  9 howler monkeys
  A hound (D:4)
  2 jellies (D:5)
  7 orc priests
  A sleepcap (D:6)
  Jessica (D:3)
  6 iguanas
  7 orc wizards
  2 polar bear simulacra (IceCv)
  Robin (D:3)
  12 gnolls
  8 adders
  2 shadow imps (D:4)
  A white imp (D:6)
  An ufetubus (D:6)
  A worm (D:3)
  A dart slug (D:1)
  49 orcs
  4 endoplasms
  3 giant cockroaches
  8 goblins
  5 hobgoblins
  3 jackals (D:1)
  35 kobolds
  2 quokkas
  4 ball pythons
  3 bats
  2 frilled lizards
  4 rats
  A spectral orc (D:12)
289 creatures vanquished.

Vanquished Creatures (others)
  35 fungi (D:9)
  38 plants (D:9)
73 creatures vanquished.

Grand Total: 362 creatures vanquished

Notes
Turn   | Place    | Note
-------+----------+-------------------------------------------
     0 | D:1      | Dirian the Minotaur Berserker began the quest for the Orb.
     0 | D:1      | Reached XP level 1. HP: 19/19 MP: 0/0
   326 | D:1      | Reached XP level 2. HP: 19/27 MP: 1/1
   340 | D:1      | Reached skill level 4 in Axes
  1316 | D:2      | Reached XP level 3. HP: 25/33 MP: 2/2
  1399 | D:2      | Reached ** piety under Trog
  1818 | D:3      | Noticed Robin
  1824 | D:3      | Killed Robin
  1881 | D:3      | Reached XP level 4. HP: 38/41 MP: 3/3
  2262 | D:3      | Reached skill level 5 in Axes
  2269 | D:3      | Found a faded altar of an unknown god.
  2337 | D:3      | You fall into a shaft and drop 1 floor!
  2462 | D:4      | Found a transporter.
  2462 | D:4      | Found a transporter.
  2630 | D:3      | Found a broken altar of Ashenzari.
  2632 | D:3      | Noticed Jessica
  2644 | D:3      | Killed Jessica
  2645 | D:3      | Reached XP level 5. HP: 20/47 MP: 4/4
  2875 | D:3      | Found a shimmering blue altar of Sif Muna.
  2875 | D:3      | Found a snail-covered altar of Cheibriados.
  3012 | D:3      | Reached skill level 5 in Fighting
  3141 | D:4      | Noticed a water moccasin
  3145 | D:4      | Killed a water moccasin
  3146 | D:4      | Reached skill level 6 in Axes
  3146 | D:4      | Reached XP level 6. HP: 44/56 MP: 5/5
  3230 | D:4      | Found Weaptepo's Antique Armour Shop.
  3715 | D:5      | Entered Level 5 of the Dungeon
  3774 | D:5      | Reached skill level 1 in Shields
  3835 | D:5      | Reached skill level 7 in Axes
  3835 | D:5      | Reached skill level 5 in Armour
  3887 | D:5      | Reached XP level 7. HP: 60/61 MP: 6/6
  3927 | D:5      | Found Unwiment's Book Emporium.
  3934 | D:5      | Found Roippaqo's Distillery.
  3936 | D:5      | Found Naynihob's Armour Emporium.
  3942 | D:5      | Bought a potion of might for 52 gold pieces
  3942 | D:5      | Bought a potion of heal wounds for 65 gold pieces
  4533 | D:6      | Reached *** piety under Trog
  4702 | D:6      | Found a white marble altar of Elyvilon.
  4714 | D:6      | Reached skill level 8 in Axes
  5082 | D:7      | Killed an unseen horror
  5083 | D:7      | Reached XP level 8. HP: 24/70 MP: 7/7
  5369 | D:7      | Found a staircase to the Ecumenical Temple.
  5633 | D:7      | Reached skill level 9 in Axes
  5852 | D:7      | Found an ornate altar of the Wu Jian Council.
  5861 | D:7      | Found a bloodstained altar of Trog.
  6326 | D:8      | Found a transporter.
  6330 | D:8      | Found a transporter.
  6336 | D:8      | Found a bloodstained altar of Trog.
  6399 | D:8      | Found Ineopt's Book Boutique.
  6473 | D:8      | Noticed a moth of wrath
  6479 | D:8      | Noticed Notanamesir's ghost (novice DsAr)
  6495 | D:8      | Found Gozag's Platinum Reserve.
  6539 | D:8      | Reached XP level 9. HP: 78/78 MP: 8/8
  6541 | D:8      | Reached skill level 10 in Axes
  6563 | D:8      | Found an opulent altar of Gozag.
  7108 | D:8      | Killed a moth of wrath
  7111 | D:8      | Reached skill level 11 in Axes
  7124 | D:8      | Killed Notanamesir's ghost
  7337 | D:5      | Bought a +2 pair of boots of flying for 279 gold pieces
  7492 | D:9      | Reached skill level 12 in Axes
  7528 | D:9      | Found a flagged portal.
  7546 | Bailey   | Entered a bailey
  7671 | Bailey   | Reached skill level 10 in Armour
  7675 | Bailey   | Reached XP level 10. HP: 86/86 MP: 9/9
  7772 | Bailey   | Reached **** piety under Trog
  7795 | Bailey   | Noticed an orc knight
  7806 | Bailey   | Killed an orc knight
  8027 | D:9      | Found a staircase to the Lair.
  8249 | D:9      | Reached skill level 13 in Axes
  8362 | D:9      | Reached skill level 5 in Shields
  9112 | D:10     | Entered Level 10 of the Dungeon
  9158 | D:10     | Found a sacrificial altar of Ru.
  9212 | D:10     | Reached skill level 14 in Axes
  9550 | D:10     | Reached XP level 11. HP: 95/95 MP: 10/10
  9927 | D:10     | Found a radiant altar of Vehumet.
 10093 | D:10     | Found an iron altar of Okawaru.
 10131 | D:10     | Reached skill level 1 in Evocations
 10412 | D:11     | Noticed a two-headed ogre
 10427 | D:11     | Killed a two-headed ogre
 10731 | D:11     | Noticed a boulder beetle
 10740 | D:11     | Killed a boulder beetle
 10754 | D:11     | Reached skill level 15 in Axes
 11166 | D:11     | Reached XP level 12. HP: 105/105 MP: 11/11
 11352 | D:12     | Reached ***** piety under Trog
 11716 | D:12     | Found a staircase to the Orcish Mines.
 11814 | D:12     | Noticed a two-headed ogre
 11822 | D:12     | Killed a two-headed ogre
 11905 | D:12     | Found a basalt altar of Yredelemnul.
 12030 | Lair:1   | Entered Level 1 of the Lair of Beasts
 12098 | Lair:1   | Found a frozen archway.
 12129 | IceCv    | Entered an ice cave
 12662 | IceCv    | Killed from afar by an ice statue

Illustrated notes

Levels and vault maps discovered:
D:1:      matt_arrival_refuge, layout_basic, hex_medium, nrook_campfire
D:2:      layout_basic, hangedman_decor_clover_reticule
D:3:      layout_basic, nicolae_ashenzari_skybound,
          gammafunk_temple_overflow_elements, ebering_ecumenical_altar_webs,
          uniq_jessica, uniq_robin
D:4:      gammafunk_wand_slinger, layout_basic, serial_shops,
          nicolae_lakefront_shop
D:5:      layout_basic, nicolae_shop_distant_corner_stores
D:6:      minmay_angry_zag, layout_gridville, elyvilon_altar_5
D:7:      layout_loops_corners, mainiacjoe_overflow_swirl,
          minmay_temple_entry_drinking_statues
D:8:      layout_basic, nicolae_gozag_zags_fifth_avenue,
          gammafunk_ghost_wrathful_warriors, serial_shops, shop, hex_large
D:9:      layout_stronghold, due_lair_maze_entry_diamond, enter_bailey_2,
          nicolae_zen_rock_garden
D:10:     cheibrodos_helix_gallery, layout_irregular_city,
          kennysheep_okawaru_gauntlet, fiery_altar_vehumet,
          nicolae_ru_sacrificial_ziggurat
D:11:     layout_basic
D:12:     layout_cave_pools, david_orc_1_choice,
          yredelemnul_forgotten_temple_becter
Lair:1:   layout_regular_city, gammafunk_ghost_hive,
          portal_ice_cave_entry_pillars_1
IceCv:    ice_cave_statue_garden_chambered

Skill      XL: |  1  2  3  4  5  6  7  8  9 10 11 |
---------------+----------------------------------+-----
Fighting       | 4 5 6 7 8 9 |  9.8
Axes           | 4 5 6 7 8 9 12 14 15 | 15.6
Armour         | 3 4 5 7 8 10 11 12 | 12.9
Shields        | 1 2 3 4 5 |  5.9
Evocations     | 8 |  8.5
Dodging        | |  2.1

Action                     |  1- 3 |  4- 6 |  7- 9 | 10-12 || total
---------------------------+-------+-------+-------+-------++-------
  Melee: Hand axe          |    74 |    87 |   108 |       ||   269
         Headbutt          |    15 |    10 |    39 |    77 ||   141
         War axe           |       |       |    21 |       ||    21
         Battleaxe         |       |       |    82 |   343 ||   425
         Punch             |       |       |     1 |       ||     1
 Invoke: Berserk           |     1 |     1 |     4 |     3 ||     9
         Trog's Hand       |       |       |     3 |     2 ||     5
  Evoke: Wand              |       |       |     6 |     5 ||    11
    Use: Scroll            |       |       |    11 |     8 ||    19
         Potion            |       |       |       |     1 ||     1
 Armour: Animal skin       |     7 |       |       |       ||     7
         Leather armour    |    10 |     2 |       |       ||    12
         Scale mail        |       |    20 |    95 |       ||   115
         Plate armour      |       |       |    17 |   315 ||   332
  Dodge: Dodged            |    48 |    43 |    94 |   152 ||   337
  Block: Other             |     7 |    16 |    57 |   104 ||   184
         Reflection        |     1 |       |     1 |     5 ||     7
